3A
MANCELONA TORCH @ KENNESAW JETS
09/05/2038
 
TOP OF THE 1ST
Mancelona Torch batting - Pitching for Kennesaw Jets : LHP Dave O'Neil
Pitching: LHP Dave O'Neil
Batting: RHB Tristan Powell 0-0: Ball
1-0: Called Strike
1-1: Foul Ball, location: 2F
1-2: Strikes out swinging
Batting: RHB Thinley Tshering 0-0: Swinging Strike
0-1: Swinging Strike
0-2: Ball
1-2: Ball
2-2: Ball
3-2: Foul Ball, location: 2F
3-2: Base on Balls
Batting: RHB Cam Lumsden 0-0: Foul Ball, location: 2F
0-1: Fly out, F8 (Flyball, 8RM, EV 98.8 MPH)
Batting: RHB Cristóbal Arroyo 0-0: Ground out 4-3 (Groundball, 4, EV 91.9 MPH)
Top of the 1st over - 0 runs, 0 hits, 0 errors, 1 left on base; Mancelona 0 - Kennesaw 0
BOTTOM OF THE 1ST
Kennesaw Jets batting - Pitching for Mancelona Torch : RHP Lucas Gameiro
Pitching: RHP Lucas Gameiro
Batting: RHB Sasha Orlovsky 0-0: Ball
1-0: Ball
2-0: Called Strike
2-1: Foul Ball, location: 2F
2-2: Foul Ball, location: 2F
2-2: Ball
3-2: SINGLE (Groundball, 6M, EV 105.0 MPH)
Batting: LHB Robert Dawson 0-0: Ball
Sasha Orlovsky steals 2nd base
1-0: Ball
2-0: 2-RUN HOME RUN (Flyball, 9LD, EV 90.0 MPH), Distance : 334 ft
Batting: RHB Brent Leroy 0-0: Called Strike
0-1: Ball
1-1: Ball
2-1: Foul Ball, location: 2F
2-2: Strikes out looking
Batting: LHB Masamune Ueda 0-0: Ball
1-0: Called Strike
1-1: Fly out, F8 (Flyball, 8RS, EV 85.6 MPH)
Batting: RHB Troy Clark 0-0: Ball
1-0: SINGLE (Groundball, 4MD, EV 96.2 MPH)
Batting: LHB Reynaldo Pérez 0-0: Called Strike
0-1: Ball
Troy Clark steals 2nd base
1-1: Swinging Strike
1-2: Ground out 4-3 (Groundball, 4, EV 87.5 MPH)
Bottom of the 1st over - 2 runs, 3 hits, 0 errors, 1 left on base; Mancelona 0 - Kennesaw 2
TOP OF THE 2ND
Mancelona Torch batting - Pitching for Kennesaw Jets : LHP Dave O'Neil
Batting: RHB Izaak Gerkis 0-0: Ground out 6-3 (Groundball, 6, EV 81.2 MPH)
Batting: SHB Silvio Capitanio 0-0: Ball
1-0: Ball
2-0: Swinging Strike
2-1: Ball
3-1: Fly out, F6 (Line Drive, 6, EV 71.9 MPH)
Batting: RHB Ken Joyner 0-0: Foul Ball, location: 2F
0-1: Ball
1-1: Foul Ball, location: 2F
1-2: Strikes out swinging, 2-3 out at first.
Top of the 2nd over - 0 runs, 0 hits, 0 errors, 0 left on base; Mancelona 0 - Kennesaw 2
BOTTOM OF THE 2ND
Kennesaw Jets batting - Pitching for Mancelona Torch : RHP Lucas Gameiro
Batting: LHB Walt Davis 0-0: Called Strike
0-1: Fly out, F7 (Line Drive, 7, EV 98.1 MPH)
Batting: RHB Rod McCain 0-0: Ball
1-0: Called Strike
1-1: Ball
2-1: Ball
3-1: Fly out, F8 (Flyball, 89D, EV 86.2 MPH)
Batting: RHB Cees Spaan 0-0: Foul Ball, location: 2F
0-1: Ball
1-1: Ground out 6-3 (Groundball, 6M, EV 104.4 MPH)
Bottom of the 2nd over - 0 runs, 0 hits, 0 errors, 0 left on base; Mancelona 0 - Kennesaw 2
TOP OF THE 3RD
Mancelona Torch batting - Pitching for Kennesaw Jets : LHP Dave O'Neil
Batting: RHB Joe Havermeyer 0-0: Ball
1-0: SINGLE (Line Drive, 78S, EV 99.4 MPH)
Batting: LHB Jared Schneider 0-0: Called Strike
0-1: Called Strike
0-2: Strikes out looking
Batting: RHB Tristan Powell 0-0: Ball
1-0: SINGLE (Line Drive, 9S, EV 111.9 MPH)
Joe Havermeyer to second
Batting: RHB Thinley Tshering 0-0: Ball
1-0: Fly out, F7 (Flyball, 7D, EV 96.2 MPH)
Batting: RHB Cam Lumsden 0-0: Ball
1-0: Called Strike
1-1: Fielders Choice at 2nd, 5-4 (Groundball, 5, EV 108.8 MPH)
Top of the 3rd over - 0 runs, 2 hits, 0 errors, 2 left on base; Mancelona 0 - Kennesaw 2
BOTTOM OF THE 3RD
Kennesaw Jets batting - Pitching for Mancelona Torch : RHP Lucas Gameiro
Batting: RHB Sasha Orlovsky 0-0: Ball
1-0: Ball
2-0: Ball
3-0: Called Strike
3-1: Ground out 6-3 (Groundball, 6S, EV 86.2 MPH)
Batting: LHB Robert Dawson 0-0: Ground out 1-3 (Groundball, 23, EV 68.1 MPH)
Batting: RHB Brent Leroy 0-0: Fly out, F8 (Flyball, 8RS, EV 85.0 MPH)
Bottom of the 3rd over - 0 runs, 0 hits, 0 errors, 0 left on base; Mancelona 0 - Kennesaw 2
TOP OF THE 4TH
Mancelona Torch batting - Pitching for Kennesaw Jets : LHP Dave O'Neil
Batting: RHB Cristóbal Arroyo 0-0: Called Strike
0-1: Swinging Strike
0-2: Ball
1-2: Fly out, F6 (Popup, 6, EV 65.0 MPH)
Batting: RHB Izaak Gerkis 0-0: Swinging Strike
0-1: Fly out, F8 (Line Drive, 8LD, EV 108.1 MPH)
Batting: SHB Silvio Capitanio 0-0: Ball
1-0: Called Strike
1-1: Fly out, F9 (Flyball, 9S, EV 87.5 MPH)
Top of the 4th over - 0 runs, 0 hits, 0 errors, 0 left on base; Mancelona 0 - Kennesaw 2
BOTTOM OF THE 4TH
Kennesaw Jets batting - Pitching for Mancelona Torch : RHP Lucas Gameiro
Batting: LHB Masamune Ueda 0-0: Ball
1-0: Ball
2-0: Ball
3-0: Called Strike
3-1: Base on Balls
Batting: RHB Troy Clark 0-0: Ball
Masamune Ueda steals 2nd base
1-0: Swinging Strike
1-1: SINGLE (Groundball, 4MD, EV 105.6 MPH)
Masamune Ueda to third
Batting: LHB Reynaldo Pérez 0-0: Swinging Strike
0-1: Ball
1-1: Foul Ball, location: 2F
1-2: Strikes out swinging
Batting: LHB Walt Davis 0-0: Called Strike
0-1: Ball
1-1: Swinging Strike
1-2: Fielders Choice at 2nd, 6-4 (Groundball, 6, EV 83.1 MPH)
Masamune Ueda scores
Batting: RHB Rod McCain 0-0: Ground out U3 (Groundball, 34, EV 99.4 MPH)
Bottom of the 4th over - 1 run, 1 hit, 0 errors, 1 left on base; Mancelona 0 - Kennesaw 3
TOP OF THE 5TH
Mancelona Torch batting - Pitching for Kennesaw Jets : LHP Dave O'Neil
Batting: RHB Ken Joyner 0-0: Foul Ball, location: 2F
0-1: Bunted foul
0-2: Fly out, F7 (Flyball, 7, EV 71.9 MPH)
Batting: RHB Joe Havermeyer 0-0: Ball
1-0: Ball
2-0: Fly out, F7 (Flyball, 7, EV 95.0 MPH)
Batting: LHB Jared Schneider 0-0: Swinging Strike
0-1: Ball
1-1: Swinging Strike
1-2: Fly out, F7 (Flyball, 78XD, EV 88.1 MPH)
Top of the 5th over - 0 runs, 0 hits, 0 errors, 0 left on base; Mancelona 0 - Kennesaw 3
BOTTOM OF THE 5TH
Kennesaw Jets batting - Pitching for Mancelona Torch : RHP Lucas Gameiro
Batting: RHB Cees Spaan 0-0: Foul Ball, location: 2F
0-1: Ground out 4-3 (Groundball, 4, EV 100.6 MPH)
Batting: RHB Sasha Orlovsky 0-0: Foul Ball, location: 2F
0-1: SINGLE (Groundball, 6M, EV 106.9 MPH) (infield hit)
Batting: LHB Robert Dawson 0-0: Swinging Strike
0-1: Ball
Sasha Orlovsky steals 2nd base
1-1: Ball
2-1: Foul Ball, location: 2F
2-2: Ball
3-2: Strikes out swinging
Batting: RHB Brent Leroy 0-0: Called Strike
0-1: Ball
1-1: Ball
2-1: Reached on error, E5 (Groundball, 56, EV 75.6 MPH)
Sasha Orlovsky to third
Batting: LHB Masamune Ueda 0-0: Ball
1-0: Swinging Strike
1-1: Ground out 2-3 (Groundball, 2R, EV 68.1 MPH)
Bottom of the 5th over - 0 runs, 1 hit, 1 error, 2 left on base; Mancelona 0 - Kennesaw 3
TOP OF THE 6TH
Mancelona Torch batting - Pitching for Kennesaw Jets : LHP Dave O'Neil
Batting: RHB Tristan Powell 0-0: Foul Ball, location: 2F
0-1: DOUBLE (Line Drive, 89D, EV 110.6 MPH)
Batting: RHB Thinley Tshering 0-0: Reached on error, E7 (Line Drive, 7, EV 89.4 MPH)
Tristan Powell scores
Batting: RHB Cam Lumsden 0-0: Ball
1-0: Swinging Strike
1-1: Called Strike
1-2: Foul Ball, location: 2F
1-2: Ball
2-2: Strikes out swinging
Batting: RHB Cristóbal Arroyo 0-0: Called Strike
0-1: Foul Ball, location: 2F
0-2: Foul Ball, location: 2F
0-2: Ball
1-2: Ball
2-2: Ball
3-2: Strikes out looking
Batting: RHB Izaak Gerkis 0-0: Called Strike
0-1: Foul Ball, location: 2F
0-2: Foul Ball, location: 2F
0-2: Foul Ball, location: 2F
0-2: Strikes out looking
Top of the 6th over - 1 run, 1 hit, 1 error, 1 left on base; Mancelona 1 - Kennesaw 3
BOTTOM OF THE 6TH
Kennesaw Jets batting - Pitching for Mancelona Torch : RHP Lucas Gameiro
Batting: RHB Troy Clark 0-0: Called Strike
0-1: Ball
1-1: Ball
2-1: Swinging Strike
2-2: Strikes out swinging
Batting: LHB Reynaldo Pérez 0-0: Foul Ball, location: 2F
0-1: Foul Ball, location: 2F
0-2: Ball
1-2: Strikes out swinging
Batting: LHB Walt Davis 0-0: Ball
1-0: Ball
2-0: Foul Ball, location: 2F
2-1: Foul Ball, location: 2F
2-2: Foul Ball, location: 2F
2-2: Strikes out swinging
Bottom of the 6th over - 0 runs, 0 hits, 0 errors, 0 left on base; Mancelona 1 - Kennesaw 3
TOP OF THE 7TH
Mancelona Torch batting - Pitching for Kennesaw Jets : LHP Dave O'Neil
Batting: SHB Silvio Capitanio 0-0: Called Strike
0-1: Ball
1-1: Ball
2-1: Foul Ball, location: 2F
2-2: Ground out 6-3 (Groundball, 56, EV 84.4 MPH)
Batting: RHB Ken Joyner 0-0: Ball
1-0: Ball
2-0: Called Strike
2-1: Ball
3-1: Called Strike
3-2: Ground out 5-3 (Groundball, 5S, EV 83.8 MPH)
Batting: RHB Joe Havermeyer 0-0: Ball
1-0: Ground out 6-3 (Groundball, 6, EV 86.9 MPH)
Top of the 7th over - 0 runs, 0 hits, 0 errors, 0 left on base; Mancelona 1 - Kennesaw 3
BOTTOM OF THE 7TH
Kennesaw Jets batting - Pitching for Mancelona Torch : RHP Lucas Gameiro
Batting: RHB Rod McCain 0-0: Ball
1-0: Foul Ball, location: 2F
1-1: Ball
2-1: Foul Ball, location: 2F
2-2: Ground out 6-3 (Groundball, 6, EV 87.5 MPH)
Batting: RHB Cees Spaan 0-0: Called Strike
0-1: Foul Ball, location: 2F
0-2: Strikes out looking
Batting: RHB Sasha Orlovsky 0-0: Ball
1-0: SINGLE (Groundball, 13, EV 71.9 MPH) (infield hit)
Batting: LHB Robert Dawson 0-0: Called Strike
Sasha Orlovsky steals 2nd base
0-1: Fly out, F6 (Popup, 6M, EV 57.5 MPH)
Bottom of the 7th over - 0 runs, 1 hit, 0 errors, 1 left on base; Mancelona 1 - Kennesaw 3
TOP OF THE 8TH
Mancelona Torch batting - Pitching for Kennesaw Jets : LHP Dave O'Neil
Batting: LHB Jared Schneider 0-0: Ball
1-0: Ball
2-0: Ball
3-0: Called Strike
3-1: Swinging Strike
3-2: Foul Ball, location: 2F
3-2: Foul Ball, location: 2F
3-2: Foul Ball, location: 2F
3-2: Foul Ball, location: 2F
3-2: Fly out, F9 (Flyball, 9, EV 84.4 MPH)
Batting: RHB Tristan Powell 0-0: Fly out, F9 (Flyball, 9D, EV 103.1 MPH)
Batting: RHB Thinley Tshering 0-0: Ball
1-0: Ball
2-0: Foul Ball, location: 2F
2-1: Fly out, F8 (Flyball, 78M, EV 90.6 MPH)
Top of the 8th over - 0 runs, 0 hits, 0 errors, 0 left on base; Mancelona 1 - Kennesaw 3
BOTTOM OF THE 8TH
Kennesaw Jets batting - Pitching for Mancelona Torch : RHP Lucas Gameiro
Batting: RHB Brent Leroy 0-0: Foul Ball, location: 2F
0-1: Fly out, F9 (Flyball, 89XD, EV 93.1 MPH)
Batting: LHB Masamune Ueda 0-0: Swinging Strike
0-1: Foul Ball, location: 2F
0-2: DOUBLE (Flyball, 78XD, EV 113.1 MPH)
Pitching: LHP Zedekiah Brenneman
Batting: RHB Troy Clark 0-0: Called Strike
0-1: Foul Ball, location: 2F
0-2: Ball
1-2: Foul Ball, location: 2F
1-2: Strikes out swinging
Batting: LHB Reynaldo Pérez 0-0: Ball
1-0: Foul Ball, location: 2F
1-1: Ball
2-1: SINGLE (Groundball, 13, EV 64.4 MPH) (infield hit)
Masamune Ueda to third
Batting: LHB Walt Davis 0-0: Called Strike
0-1: Foul Ball, location: 2F
0-2: SINGLE (Line Drive, 34, EV 100.0 MPH)
Masamune Ueda scores
Reynaldo Pérez to second
Runner from 2nd tries for 3rd, SAFE, throw by RF made to third
Batting: RHB Rod McCain 0-0: Foul Ball, location: 2F
0-1: Called Strike
0-2: Ball
1-2: Ground out 4-3 (Groundball, 4, EV 78.1 MPH)
Bottom of the 8th over - 1 run, 3 hits, 0 errors, 2 left on base; Mancelona 1 - Kennesaw 4
TOP OF THE 9TH
Mancelona Torch batting - Pitching for Kennesaw Jets : LHP Dave O'Neil
Pitching: LHP Jeffery Clayton
Batting: RHB Cam Lumsden 0-0: Ball
1-0: Ball
2-0: Foul Ball, location: 2F
2-1: Foul Ball, location: 2F
2-2: Strikes out swinging
Batting: RHB Cristóbal Arroyo 0-0: Called Strike
0-1: Called Strike
0-2: Foul Ball, location: 2F
0-2: Ball
1-2: TRIPLE (Line Drive, 8RXD, EV 107.5 MPH)
Batting: RHB Izaak Gerkis 0-0: Ball
1-0: Fly out, F8 (Flyball, 8LS, EV 81.9 MPH)
Batting: SHB Silvio Capitanio 0-0: Ground out 6-3 (Groundball, 6, EV 83.1 MPH)
Top of the 9th over - 0 runs, 1 hit, 0 errors, 1 left on base; Mancelona 1 - Kennesaw 4
Friday, April 17th, 2020 - OOTP Baseball 20.8 Build 74